 Dungeon Crawl Stone Soup version 0.31-a0-844-gdc52ec4e09 (webtiles) character file.

Game seed: 12190136207953262245

56188 Pooter the Severer (level 14, -7/202 HPs)
             Began as a Minotaur Berserker on Sept 30, 2023.
             Was a High Priest of Trog.
             Killed from afar by Frances (36 damage)
             ... with a shard of ice
             ... on level 12 of the Dungeon on Oct 1, 2023.
             The game lasted 01:33:31 (24341 turns).

Pooter the Severer (Minotaur Berserker)            Turns: 24341, Time: 01:33:31

Health: -7/202     AC: 24    Str: 29    XL:     14   Next: 41%
Magic:  13/13      EV:  8    Int:  6    God:    Trog [*****.]
Gold:   2508       SH:  0    Dex: 12    Spells: 13/13 levels left

rFire   . . .        a - +0 executioner's axe (heavy)
rCold   . . .        (shield currently unavailable)
rNeg    . . .        z - +3 plate armour
rPois   +            U - +2 hat {SInv}
rElec   .            p - +0 cloak
rCorr   .            G - +2 pair of gloves
SInv    +            y - +0 pair of boots
Will    +++..        K - amulet of regeneration Stlth
                     P - ring of poison resistance
HPRegen 2.33/turn    S - +6 ring of strength
MPRegen 0.13/turn

%: no passive effects
@: berserking, strong-willed, spiked, regenerating, very quick
A: horns 2, retaliatory headbutt
a: Renounce Religion, Berserk, Trog's Hand, Brothers in Arms


You were on level 12 of the Dungeon.
You worshipped Trog.
Trog was extremely pleased with you.
You visited 2 branches of the dungeon, and saw 17 of its levels.
You also visited: Bailey.

You collected 2508 gold pieces.

Inventory:

Hand Weapons
 a - a +0 heavy executioner's axe (weapon)
   (Trog gifted it to you on level 5 of the Lair of Beasts)
 b - a +2 arbalest of draining
   (You found it on level 3 of the Lair of Beasts)
 l - a +0 war axe of flaming
   (You took it off an orc on level 10 of the Dungeon)
 O - a +6 executioner's axe of protection
   (You acquired it on level 4 of the Lair of Beasts)
 V - a +0 war axe of freezing
   (You found it on level 2 of the Lair of Beasts)
Missiles
 f - 9 curare-tipped darts
 o - 8 throwing nets {!f}
 w - 12 javelins
 E - 29 poisoned darts (quivered)
 L - 3 silver javelins
 N - 6 boomerangs
 W - 2 atropa-tipped darts
Armour
 i - a scarf of shadows
   (You found it on level 11 of the Dungeon)
 p - a +0 cloak (worn)
   (You found it on level 3 of the Dungeon)
 y - a +0 pair of boots (worn)
   (You found it on level 6 of the Dungeon)
 z - a +3 plate armour (worn)
   (You found it on level 6 of the Dungeon)
 G - a +2 pair of gloves (worn)
   (You found it on level 8 of the Dungeon)
 U - a +2 hat of see invisible (worn)
   (You took it off Gastronok on level 3 of the Lair of Beasts)
Jewellery
 n - a +6 ring of dexterity
   (You found it on level 2 of the Dungeon)
 C - a ring of ice
   (You found it on level 6 of the Dungeon)
 F - a ring of protection from fire
   (You found it on level 1 of the Dungeon)
 K - an amulet of regeneration (around neck)
   (You found it in a bailey)
 P - a ring of poison resistance (left hand)
   (You found it on level 4 of the Dungeon)
 S - a +6 ring of strength (right hand)
   (You found it on level 1 of the Lair of Beasts)
Wands
 u - a wand of paralysis (11)
   (You took it off Ijyb on level 4 of the Dungeon)
 A - a wand of polymorph (13)
   (You found it on level 6 of the Dungeon)
 B - a wand of roots (29)
   (You found it on level 6 of the Dungeon)
 D - a wand of digging (4)
   (You found it on level 10 of the Dungeon)
 H - a wand of mindburst (33)
   (You took it off Joseph on level 8 of the Dungeon)
Scrolls
 d - 4 scrolls of poison {!r}
 g - 3 scrolls of revelation
 r - 2 scrolls of blinking
 t - 4 scrolls of teleportation {@r4}
 I - 6 scrolls of immolation {!r}
 J - a scroll of vulnerability {!r}
 X - a scroll of fog {unknown}
Potions
 c - 2 potions of invisibility {unknown}
 e - a potion of might {unknown}
 h - 5 potions of heal wounds {@q2}
 j - 3 potions of curing {@q1}
 k - a potion of resistance {unknown}
 m - 3 potions of haste {@q3}
 s - 2 potions of lignification {unknown}
 v - a potion of enlightenment {unknown}
 x - a potion of mutation {unknown}
 T - 2 potions of attraction {!q}
 Y - a potion of ambrosia {unknown}
 Z - a potion of cancellation {unknown}


   Skills:
 + Level 15.3 Fighting
 * Level 18.6 Axes
 + Level 14.7 Ranged Weapons
 - Level 7.9 Armour
 - Level 2.1 Dodging
 - Level 5.4 Evocations


You had 13 spell levels left.
You didn't know any spells.
Your spell library was empty.

Dungeon Overview and Level Annotations

Branches:
Dungeon (12/15) Zot: 26328  Temple (0/1) D:5            Lair (5/5) D:8 Zot: 17625
 Shoals (0/4) Lair:3       Spider (0/4) Lair:2        Slime (0/5) Lair:5
 Bailey (visited)
    Orc: D:9-12

Altars:
Ashenzari
Cheibriados
Elyvilon
Fedhas
Nemelex Xobeh
Qazlal
Ru
Vehumet
Xom
Zin
The Shining One
Jiyva

Shops:
D:8 :

Annotations:
D:5 1 runed translucent door, Crazy Yiuf
D:8 3 runed translucent doors, Bravepunisher's ghost, weakling SpMo
D:12 Frances


Innate Abilities, Weirdness & Mutations

You have a pair of horns on your head.
You reflexively headbutt those who attack you in melee.


Message History

a - a +0 heavy executioner's axe (weapon)
You hear a shout!
Your skin crawls.
You feel strong-willed.
Frances hits you from afar with a +0 glaive!
The chaos spawn grows dozens of eye stalks in order to get a better look at you.
Frances mutters in a terrible tongue.
The chaos spawn degenerates into a cloud of primal chaos!
Frances hits you with a +0 glaive!
The chaos spawn briefly grows a face disturbingly similar to your own.
The chaos spawn gores you but does no damage.
You see here a +0 halberd of venom.
You barely miss Frances. You barely miss the chaos spawn.
You completely miss the sixfirhy.
Frances mutters in a terrible tongue.
The iron shot hits you!! Frances hits you with a +0 glaive!!
* * * LOW HITPOINT WARNING * * *
The red devil hits you from afar with a +0 trident.
* * * LOW HITPOINT WARNING * * *
Barbed spikes become lodged in your body.
The chaos spawn completely misses you. You furiously retaliate!
You headbutt the chaos spawn! The red devil barely misses you.
Frances hits you with a +0 glaive!
* * * LOW HITPOINT WARNING * * *
Unknown command.
Unknown command.
A red film seems to cover your vision as you go berserk!
You feel yourself moving faster!
You feel mighty!
The sixfirhy hits you but does no damage. x2
The sixfirhy hits you.
* * * LOW HITPOINT WARNING * * *
The sixfirhy shocks you!
* * * LOW HITPOINT WARNING * * *
The chaos spawn hits you but does no damage.
Frances hits you but does no damage.
The sixfirhy hits you but does no damage.
The red devil hits you but does no damage.
You barely miss Frances. Your headbutt misses Frances.
You carve the sixfirhy like a ham!!!!
You kill the sixfirhy!
The sixfirhy disappears in a puff of smoke!
You chop the chaos spawn into pieces!!!
You kill the chaos spawn!
The chaos spawn degenerates into a cloud of primal chaos!
Frances mutters in a terrible tongue.
The iron shot hits you!!
* * * LOW HITPOINT WARNING * * *
Frances screams a word of power!
The shard of ice hits you!!!
You die...

## .. .# .... ....##. .# ....
....(. .####... ..... .....#
#...# .. .....+ #g..# ... .....#
#4g.##... #.(..# ##@§......
+....##### #.@§.......######
#.<......# ##)..##... #....#
#####....# ####...##.####....###
....'....# #.~~.......≈≈........
##..#....# #.~~~.....≈≈~~.......
##..#....# #..~.....~~≈≈~~......
.#..#....####.......~≈≈≈≈~.......
.#..#..............~≈≈≈~§~..#####
.#..#...........~~~~≈≈≈≈§........


You could see Frances (fast), a red devil (summoned), a gnoll sergeant and a
gnoll (very drained).

Vanquished Creatures
  Gastronok (Lair:3)
  A fire dragon (Lair:5)
  A hydra (Lair:5)
  2 two-headed ogres
  5 death yaks (Lair:4)
  Sonja (D:12)
  Lodul (D:11)
  2 lindwurms (Lair:5)
  2 cyclopes (D:12)
  Joseph (D:8)
  A merfolk siren (Lair:3)
  11 elephants
  4 black mambas
  6 torpor snails (Lair:5)
  8 cane toads
  2 unseen horrors (D:11)
  Psyche (D:8)
  A kobold demonologist (D:11)
  2 rime drakes
  6 komodo dragons
  3 trolls
  3 tyrant leeches (Lair:5)
  11 polar bears
  15 hornets
  13 blink frogs
  A raiju (Lair:5)
  4 dream sheep (Lair:5)
  5 slime creatures (D:11)
  4 wyverns
  49 yaks
  2 basilisks
  Eustachio (D:5)
  3 vampire mosquitoes (D:11)
  3 steam dragons
  Menkaure (D:7)
  4 wargs (Lair:5)
  22 water moccasins
  An acid dragon (D:11)
  16 hell hounds (Lair:5)
  11 black bears (Lair:5)
  An orc warrior (D:10)
  An ice beast (D:6)
  6 ogres
  51 wolves
  3 centaurs
  A phantom (D:7)
  3 kobold brigands
  13 bullfrogs
  7 gnoll sergeants (Bailey)
  5 scorpions (Lair:2)
  5 wights
  16 killer bees
  6 howler monkeys
  2 electric eels (Lair:1)
  5 hounds
  3 jellies
  7 gnoll boudas
  3 orc priests
  2 iguanas (D:5)
  4 sleepcaps
  Ijyb (D:4)
  2 orc wizards
  14 gnolls
  10 adders
  3 white imps
  An ufetubus (D:6)
  4 worms
  5 dart slugs
  19 orcs
  4 endoplasms
  7 giant cockroaches
  17 goblins
  10 hobgoblins
  4 jackals (D:4)
  10 kobolds
  5 quokkas
  4 ball pythons
  7 bats
  2 frilled lizards
  6 rats
510 creatures vanquished.

Vanquished Creatures (others)
  Erica (D:8)
  3 ogres (D:11)
  A butterfly (D:5)
5 creatures vanquished.

Grand Total: 515 creatures vanquished

Notes
Turn   | Place    | Note
-------+----------+-------------------------------------------
     0 | D:1      | Pooter the Minotaur Berserker began the quest for the Orb.
     0 | D:1      | Reached XP level 1. HP: 19/19 MP: 0/0
    97 | D:1      | Reached skill level 4 in Axes
   147 | D:1      | Found a faded altar of an unknown god.
   149 | D:1      | Reached XP level 2. HP: 21/27 MP: 1/1
   295 | D:1      | Reached ** piety under Trog
   389 | D:1      | Reached XP level 3. HP: 33/33 MP: 2/2
   640 | D:2      | Reached skill level 5 in Axes
   829 | D:2      | Identified the +0 leather armour "Zostryzu" {Harm MP+9}
   832 | D:2      | Reached XP level 4. HP: 41/41 MP: 3/3
  1795 | D:3      | Reached skill level 5 in Fighting
  1795 | D:3      | Reached skill level 6 in Axes
  1795 | D:3      | Reached XP level 5. HP: 48/48 MP: 4/4
  2075 | D:4      | Reached *** piety under Trog
  2227 | D:4      | Found a blossoming altar of Fedhas.
  2279 | D:5      | Entered Level 5 of the Dungeon
  2307 | D:5      | Found a staircase to the Ecumenical Temple.
  2396 | D:5      | Noticed an ogre
  2407 | D:5      | Killed an ogre
  2408 | D:5      | Reached skill level 7 in Axes
  2408 | D:5      | Reached XP level 6. HP: 56/56 MP: 5/5
  2752 | D:4      | Noticed Ijyb
  2775 | D:4      | Killed Ijyb
  2920 | D:5      | Found a sacrificial altar of Ru.
  3069 | D:5      | Reached skill level 8 in Axes
  3087 | D:5      | Noticed Eustachio
  3095 | D:5      | Killed Eustachio
  3096 | D:5      | Reached XP level 7. HP: 64/64 MP: 6/6
  3148 | D:5      | Found a white marble altar of Elyvilon.
  3270 | D:5      | Found a runed translucent door.
  3271 | D:5      | Noticed Crazy Yiuf
  3534 | D:6      | Reached skill level 9 in Axes
  4235 | D:6      | Found a sparkling altar of Nemelex Xobeh.
  4243 | D:6      | Reached XP level 8. HP: 59/73 MP: 7/7
  4383 | D:7      | Noticed Menkaure
  4394 | D:7      | Killed Menkaure
  4395 | D:7      | Reached skill level 10 in Axes
  4691 | D:7      | Reached skill level 11 in Axes
  5133 | D:7      | Reached skill level 12 in Axes
  5133 | D:7      | Reached XP level 9. HP: 83/83 MP: 8/8
  5398 | D:7      | Found a glowing silver altar of Zin.
  5803 | D:8      | Found a staircase to the Lair.
  5851 | D:8      | Noticed Erica
  5851 | D:8      | Noticed Joseph
  5874 | D:8      | Killed Erica
  5875 | D:8      | Reached skill level 13 in Axes
  5886 | D:8      | Killed Joseph
  5887 | D:8      | Reached skill level 10 in Fighting
  6186 | D:8      | Found a stormy altar of Qazlal.
  6304 | D:8      | Noticed Psyche
  6325 | D:8      | Killed Psyche
  6326 | D:8      | Reached skill level 1 in Ranged Weapons
  6363 | D:8      | Found a runed translucent gate.
  6363 | D:8      | Found a runed translucent gate.
  6365 | D:8      | Found a runed translucent gate.
  6366 | D:8      | Noticed Bravepunisher's ghost (weakling SpMo)
  6367 | D:8      | Noticed a kobold demonologist
  6493 | D:8      | Reached skill level 14 in Axes
  6534 | D:8      | Reached XP level 10. HP: 94/94 MP: 9/9
  6768 | D:8      | Found Xoupsydo's Tremendous Tomes.
  7696 | D:9      | Found a snail-covered altar of Cheibriados.
  7780 | D:9      | Noticed a two-headed ogre
  7790 | D:9      | Killed a two-headed ogre
  7935 | D:9      | Found a glowing golden altar of the Shining One.
  8026 | D:9      | Reached skill level 5 in Ranged Weapons
  8173 | D:10     | Entered Level 10 of the Dungeon
  8173 | D:10     | Found a shimmering altar of Xom.
  8173 | D:10     | Found a shimmering altar of Xom.
  8173 | D:10     | Found a shimmering altar of Xom.
  8173 | D:10     | Found a shimmering altar of Xom.
  8173 | D:10     | Found a shimmering altar of Xom.
  8173 | D:10     | Found a shimmering altar of Xom.
  8173 | D:10     | Found a shimmering altar of Xom.
  8175 | D:10     | Found a shimmering altar of Xom.
  8193 | D:10     | Noticed a two-headed ogre
  8207 | D:10     | Killed a two-headed ogre
  8208 | D:10     | Reached skill level 15 in Axes
  8296 | D:10     | Found a flagged portal.
  8355 | Bailey   | Entered a bailey
  8889 | Bailey   | Reached XP level 11. HP: 102/102 MP: 10/10
  9077 | D:10     | Reached **** piety under Trog
  9290 | D:10     | Found a broken altar of Ashenzari.
  9548 | D:10     | Noticed an orb spider
  9556 | D:10     | Identified the +1 falchion of Invincibility {heavy, *Rage
                  | Will+ Int+3 Dex+6}
  9656 | D:10     | Found a radiant altar of Vehumet.
 10102 | Lair:1   | Entered Level 1 of the Lair of Beasts
 10150 | Lair:1   | Reached skill level 16 in Axes
 10666 | Lair:1   | Paralysed by a hornet for 3 turns
 11259 | Lair:2   | Reached skill level 10 in Ranged Weapons
 13536 | Lair:2   | Reached XP level 12. HP: 115/115 MP: 11/11
 13896 | Lair:2   | Reached skill level 1 in Evocations
 14113 | Lair:2   | Found a hole to the Spider Nest.
 14382 | Lair:3   | Noticed Gastronok
 14431 | Lair:3   | Killed Gastronok
 14852 | Lair:3   | Identified a scroll of acquirement
 14852 | Lair:3   | Acquired a +3 battleaxe of venom
 15213 | Lair:3   | Found a staircase to the Shoals.
 15401 | Lair:3   | Reached skill level 5 in Armour
 15778 | Lair:4   | Acquired a +6 executioner's axe of electrocution
 15911 | Lair:4   | Reached XP level 13. HP: 124/124 MP: 12/12
 16301 | Lair:4   | Reached skill level 17 in Axes
 16692 | Lair:5   | Entered Level 5 of the Lair of Beasts
 18951 | Lair:5   | Paralysed by a hornet for 1 turns
 20940 | Lair:5   | Found a viscous altar of Jiyva.
 20941 | Lair:5   | Found a staircase to the Slime Pits.
 21096 | Lair:5   | Found a runed translucent door.
 21097 | Lair:5   | Noticed a fire dragon
 21110 | Lair:5   | Killed a fire dragon
 21521 | Lair:5   | Reached ***** piety under Trog
 21534 | Lair:5   | Reached skill level 5 in Evocations
 21716 | Lair:5   | Reached XP level 14. HP: 133/133 MP: 13/13
 21740 | Lair:5   | Received a gift from Trog
 21747 | Lair:5   | Reached skill level 15 in Fighting
 21752 | Lair:5   | Reached skill level 18 in Axes
 22904 | D:11     | Noticed Lodul
 22912 | D:11     | Killed Lodul
 22921 | D:11     | Found a stormy altar of Qazlal.
 22935 | D:11     | Identified the +0 short sword "Xovvun" {venom, MP+9 Str+3}
 24218 | D:12     | Noticed Sonja
 24226 | D:12     | Killed Sonja
 24330 | D:12     | Noticed Frances
 24341 | D:12     | Killed from afar by Frances

Illustrated notes

Levels and vault maps discovered:
D:1:      amcnicky_arrival_gap_in_the_tavern_cellar, layout_basic,
          shapermc_ecumenical_altar_starsandcircs, dk_noncrumbling_4,
          minmay_misc_feat_room
D:2:      layout_basic, roderic_lattice_a
D:3:      layout_basic
D:4:      kennysheep_the_goblin_king, layout_basic, fedhas_altar_decomposition
D:5:      layout_rooms, nicolae_ru_great_annihilating_truth,
          nicolae_elyvilon_peaceful_grove, temple_pool_b,
          kennysheep_generic_room_12, uniq_eustachio, uniq_crazy_yiuf_cottage
D:6:      layout_basic, mainiacjoe_overflow_alcove_4,
          kennysheep_decorative_pillar
D:7:      layout_basic, zin_treasury, minivault_11, dreamdust_gnoll_shepherd,
          uniq_menkaure
D:8:      layout_basic, amcnicky_altar_gilded, dpeg_oklobed_lair,
          gammafunk_ghost_nasty_kobolds, chequers_serial_rivers_large_a,
          nicolae_shop_i_like_big_books, uniq_psyche, uniq_erica, uniq_joseph
D:9:      layout_loops_ring, slow_altar_2, mainiacjoe_overflow_small_starburst
D:10:     nicolae_whirlpool, layout_loops_ring, evilmike_ruin_ashenzari,
          mainiacjoe_overflow_alcove_2, xom_shifter_show, enter_bailey_2,
          kennysheep_generic_room_15
D:11:     layout_grid_maze, nicolae_qazlal_scattered_showers, uniq_lodul
D:12:     layout_gridville, erik_orc_4, lemuel_old_faithful, uniq_sonja,
          uniq_azrael, uniq_frances
Lair:1:   layout_hall_layers, serial_bayou_lagoon_a,
          nicolae_quartered_pool_little, beast_lair_carwin_4
Lair:2:   layout_gridlike, nicolae_spider_entry_non_spiders,
          dreamdust_wasp_nest, serial_bayou_shore_b
Lair:3:   layout_gridlike, minmay_shoals_entry_lonely_mermaid, uniq_gastronok
Lair:4:   layout_cave_shapes
Lair:5:   wormcave, layout_cellular_growth, hangedman_lair_caniforms_friends,
          slime_entry_1, nicolae_lair_lil_pond

Skill      XL: |  1  2  3  4  5  6  7  8  9 10 11 12 13 14 |
---------------+-------------------------------------------+-----
Axes           | 4 5 6 7 8 9 12 14 15 16 17 18 | 18.6
Fighting       | 4 5 6 7 9 10 11 13 14 15 | 15.3
Ranged Weapons | 2 6 10 12 14 | 14.7
Armour         | 5 7 |  7.9
Evocations     | 3 5 |  5.4
Dodging        | |  2.1

Action                     |  1- 3 |  4- 6 |  7- 9 | 10-12 | 13-15 || total
---------------------------+-------+-------+-------+-------+-------++-------
  Melee: Hand axe          |    87 |    21 |       |       |       ||   108
         Headbutt          |    21 |    13 |    45 |    77 |    62 ||   218
         Trident           |       |    90 |   192 |    67 |       ||   349
         Unarmed           |       |       |     1 |       |       ||     1
         War axe           |       |       |       |   264 |       ||   264
         Punch             |       |       |       |     3 |       ||     3
         Battleaxe         |       |       |       |    61 |       ||    61
         Executioner's axe |       |       |       |    17 |   278 ||   295
   Fire: Sling             |       |       |     2 |       |       ||     2
         Shortbow          |       |       |     1 |   196 |       ||   197
         Arbalest          |       |       |       |    20 |   177 ||   197
  Throw: Javelin           |       |     6 |     6 |     2 |       ||    14
         Dart              |       |       |       |       |     2 ||     2
 Invoke: Trog's Hand       |       |     5 |     3 |    15 |     6 ||    29
         Berserk           |       |     3 |     6 |    10 |     6 ||    25
  Evoke: Wand              |       |     1 |     3 |     6 |     3 ||    13
    Use: Scroll            |     2 |     3 |     2 |    19 |     5 ||    31
         Potion            |       |       |       |     1 |     1 ||     2
   Stab: Distracted        |       |     1 |       |       |       ||     1
         Paralysed         |       |     7 |       |       |     2 ||     9
 Armour: Animal skin       |     5 |       |       |       |       ||     5
         Ring mail         |     2 |       |       |       |       ||     2
         Chain mail        |    44 |    43 |    29 |       |       ||   116
         Plate armour      |       |       |   110 |   464 |   509 ||  1083
  Dodge: Dodged            |    43 |    28 |    60 |   206 |   169 ||   506
  Block: Buckler           |       |    10 |    31 |       |       ||    41

Table legend: (Time is in decaauts)
 A = Elapsed time spent in this place.
 B = Non-inter-level travel time spent in this place.
 C = Inter-level travel time spent in this place.
 D = Time resting spent in this place.
 E = Time spent auto-exploring this place.
 F = Levels seen in this place.
 G = Mean time per level.
                   A        B        C        D        E       F      G
               +--------+--------+--------+--------+--------+-----+--------+
         Total |  24731 |  24033 |    698 |  10287 |  10102 |  18 | 1373.9 |
       Dungeon |  11646 |  11276 |    370 |   2757 |   6565 |  12 |  970.5 |
          Lair |  12375 |  12048 |    327 |   7141 |   3458 |   5 | 2475.0 |
        Bailey |    709 |    709 |      0 |    388 |     79 |   1 |  709.0 |
               +--------+--------+--------+--------+--------+-----+--------+

Top non-repeatable levels by time:
  Lair:5: 5545 daAuts
  Lair:2: 3533 daAuts
     D:7: 1610 daAuts
    D:11: 1469 daAuts
  Lair:3: 1284 daAuts
     D:9: 1253 daAuts
    D:10: 1239 daAuts
  Lair:4: 1182 daAuts
     D:8: 1181 daAuts
     D:6: 1004 daAuts
     D:3: 945 daAuts
  Lair:1: 830 daAuts
  Bailey: 709 daAuts
     D:5: 691 daAuts
     D:4: 679 daAuts
